 Dungeon Crawl Stone Soup version 0.25-a0-447-gff83419037 (webtiles) character file.

Game seed: 17643211005235666513, levelgen mode: deterministic

1158 Eurus the Magician (level 8, -20/60 HPs)
             Began as a Mummy Conjurer on Jan 31, 2020.
             Demolished by a manticore (22 damage)
             ... on level 6 of the Dungeon.
             The game lasted 00:18:20 (8280 turns).

Eurus the Magician (Mummy Conjurer)                 Turns: 8280, Time: 00:18:20

Health: -20/60     AC:  5    Str: 12    XL:     8   Next: 16%
Magic:  5/17       EV: 12    Int: 16    God:
Gold:   234        SH:  0    Dex: 12    Spells: 17/20 levels left

rFire    x . .     SeeInvis .   l - +0 quarterstaff
rCold    + . .     Gourm    .   (shield currently unavailable)
rNeg     + + +     Faith    .   a - +0 robe
rPois    ∞         Spirit   .   d - +1 helmet
rElec    .         Reflect  .   (no cloak)
rCorr    .         Harm     .   m - +0 pair of gloves
MR       ++...                  (no boots)
Stlth    ++........             (no amulet)
HPRegen  0.20/turn              c - ring of protection from magic
MPRegen  0.15/turn              (no ring)

@: no status effects
A: no food or potions, fire vulnerability, cold resistance 1, negative energy
resistance 3, torment resistance, unbreathing
a: no special abilities


You were on level 6 of the Dungeon.
You were not hungry.

You visited 2 branches of the dungeon, and saw 7 of its levels.
You also visited: Ossuary.

You collected 234 gold pieces.

Inventory:

Hand Weapons
 l - a +0 quarterstaff (weapon)
Armour
 a - a +0 robe (worn)
 d - a +1 helmet (worn)
 m - a +0 pair of gloves (worn)
Jewellery
 c - a ring of protection from magic (left hand)
 q - an uncursed ring of resist corrosion
Wands
 i - a wand of random effects (29)
 n - a wand of paralysis (6)
Scrolls
 b - 2 scrolls of fog
 e - a scroll of enchant armour
 f - a scroll of holy word {unknown}
 g - 2 scrolls of teleportation
 h - 2 scrolls of magic mapping
 j - 2 scrolls of enchant weapon {unknown}
 k - 3 scrolls of identify {unknown}
 o - a scroll of random uselessness {unknown}
 p - a scroll of noise {unknown}


   Skills:
 - Level 4.0 Fighting
 + Level 3.3 Staves
 + Level 1.7 Armour
 - Level 1.5 Dodging
 - Level 1.5 Stealth
 + Level 6.5 Spellcasting
 + Level 5.3 Conjurations


You had 17 spell levels left.
You knew the following spells:

 Your Spells              Type           Power        Failure   Level  Hunger
a - Magic Dart            Conj           ###.         1%          1    N/A
b - Searing Ray           Conj           ###...       2%          2    N/A

Your spell library contained the following spells:

 Spells                   Type           Power        Failure   Level  Hunger
 Dazzling Flash           Conj/Hex       ##....       13%         3    N/A
 Fulminant Prism          Conj/Hex       ##........   41%         4    N/A
 Iskenderun's Mystic Bla  Conj/Tloc      ##......     41%         4    N/A

Dungeon Overview and Level Annotations

Branches:
Dungeon (6/15)             Temple (1/1) D:5         Ossuary (visited)

Altars:
Cheibriados
Dithmenos
Elyvilon
Fedhas
Gozag
Hepliaklqana
Kikubaaqudgha
Makhleb
Nemelex Xobeh
Okawaru
Qazlal
Sif Muna
Trog
Uskayaw
Vehumet
Wu Jian
Xom
Yredelemnul
Zin
The Shining One


Innate Abilities, Weirdness & Mutations

You do not eat or drink.
Your flesh is vulnerable to fire.
You are immune to poison.
Your flesh is cold resistant. (rC+)
You are immune to negative energy. (rN+++)
You are immune to unholy pain and torment.
You can survive without breathing.


Message History

The manticore claws you but does no damage.
The searing ray misses the manticore.
You finish channeling your searing ray.
The manticore closely misses you. The manticore claws you.
* * * LOW HITPOINT WARNING * * *
The manticore claws you.
* * * LOW HITPOINT WARNING * * *
Casting: Searing Ray (safe; 2% risk of failure)
Confirm with . or Enter, or press ? or * to list all spells.
Aiming: Searing Ray (safe; 2% risk of failure)
Press: ? - help, Shift-Dir - straight line, f/p - manticore
Aim: a manticore (heavily wounded)
The searing ray hits the manticore.
The manticore is severely wounded. (Press . to maintain the ray.)
The manticore closely misses you. x2; The manticore claws you!
* * * LOW HITPOINT WARNING * * *
The searing ray hits the manticore!
The manticore is almost dead.
The manticore bites you!!
You die...

#.# ..# #.. #.# ##.#
### . #..# .. #..###
## ... .... .. ..
...##.###
#.##........
#..H.....# #@# #.#
#.# ≈ #.# ≈≈
###.###### ≈..#####
#.........#
≈.≈#<..##
#.#.#####.#
#....^######.#.####
#........(()........


You could see a manticore.

Vanquished Creatures
  Menkaure (D:5)
  An ogre (D:6)
  A phantom (D:4)
  A centaur (D:6)
  A bullfrog (D:6)
  A scorpion (D:4)
  2 howler monkeys
  A crimson imp (D:5)
  A hound (D:4)
  3 orc priests
  2 iguanas (D:6)
  3 orc wizards
  3 worker ants
  A hound zombie (D:6)
  A mummy (Ossuary)
  2 worker ant zombies (D:5)
  6 adders
  2 shadow imps
  3 oozes
  An adder skeleton (D:4)
  2 worms
  2 dart slugs
  4 leopard geckos
  An orc (D:6)
  A ball python (D:4)
  4 bats
  7 giant cockroaches
  9 goblins
  7 hobgoblins
  4 jackals (D:4)
  6 kobolds
  2 quokkas
  4 frilled lizards
  5 gnoll skeletons (Ossuary)
  6 kobold skeletons (Ossuary)
  A leopard gecko skeleton (D:4)
  14 orc skeletons (Ossuary)
  8 rats
  A spectral orc (D:3)
125 creatures vanquished.

Vanquished Creatures (others)
  4 toadstools (D:1)
4 creatures vanquished.

Grand Total: 129 creatures vanquished

Notes
Turn   | Place    | Note
-------+----------+-------------------------------------------
     0 | D:1      | Eurus the Mummy Conjurer began the quest for the Orb.
     0 | D:1      | Reached XP level 1. HP: 13/13 MP: 4/4
   307 | D:1      | Reached skill level 3 in Spellcasting
   327 | D:1      | Reached XP level 2. HP: 14/20 MP: 1/6
   390 | D:1      | Learned a level 2 spell: Searing Ray
   528 | D:1      | Reached skill level 1 in Fighting
  1197 | D:2      | Found a shimmering blue altar of Sif Muna.
  1241 | D:2      | Found a bloodstained altar of Trog.
  1313 | D:2      | Reached XP level 3. HP: 26/26 MP: 4/7
  2673 | D:3      | Reached XP level 4. HP: 33/33 MP: 3/9
  2687 | D:3      | Reached skill level 4 in Spellcasting
  2902 | D:3      | Found an iron altar of Okawaru.
  3198 | D:3      | Found a basalt altar of Yredelemnul.
  3907 | D:4      | Found a stormy altar of Qazlal.
  3950 | D:4      | Noticed a phantom
  3980 | D:4      | Killed a phantom
  3980 | D:4      | Reached skill level 1 in Staves
  3980 | D:4      | Reached XP level 5. HP: 30/40 MP: 1/11
  4444 | D:4      | Reached XP level 6. HP: 45/47 MP: 9/13
  4728 | D:4      | Reached skill level 5 in Spellcasting
  5004 | D:5      | Entered Level 5 of the Dungeon
  5107 | D:5      | Found a sand-covered staircase.
  5111 | Ossuary  | Entered an ossuary
  5111 | Ossuary  | Noticed a wraith
  5111 | Ossuary  | Noticed a wraith
  5111 | Ossuary  | Noticed a wraith
  5934 | Ossuary  | Noticed a wraith
  6231 | D:5      | Reached XP level 7. HP: 44/52 MP: 6/15
  6553 | D:5      | Found a shadowy altar of Dithmenos.
  6666 | D:5      | Found a staircase to the Ecumenical Temple.
  6703 | Temple   | Entered the Ecumenical Temple
  7066 | D:5      | Noticed Menkaure
  7080 | D:5      | Killed Menkaure
  7535 | D:6      | Reached skill level 6 in Spellcasting
  7535 | D:6      | Reached skill level 5 in Conjurations
  7823 | D:6      | Reached skill level 1 in Armour
  7856 | D:6      | Found a shimmering altar of Xom.
  7995 | D:6      | Found a snail-covered altar of Cheibriados.
  8107 | D:6      | Reached XP level 8. HP: 60/60 MP: 9/17
  8270 | D:6      | Noticed a manticore
  8279 | D:6      | HP: 2/60 [manticore (10)]
  8280 | D:6      | Demolished by a manticore

Levels and vault maps discovered:
D:1:      ldierk_walled_garden_2, layout_basic, st_stairs_5, hex_large,
          bh_walls_and_bars
D:2:      layout_basic, nicolae_overflow_hidden_temple, lightli_temple_of_fire,
          first_ration, minmay_misc_feat_plants
D:3:      layout_basic, yredelemnul_forgotten_temple_becter,
          kennysheep_okawaru_gauntlet
D:4:      layout_gridville, grunt_qazlal_clouds
D:5:      layout_gridville, minmay_temple_entry_junction,
          nicolae_ossuary_entry_plus, nicolae_dithmenos_the_darkroom,
          uniq_menkaure
D:6:      layout_loops_corners, kennysheep_slug_shrine, basic_altar,
          minivault_24, minmay_door_square, chequers_serial_rivers_large_a,
          uniq_crazy_yiuf_cottage
Temple:   eino_narrow_crystal_temple

Skill      XL: |  1  2  3  4  5  6  7 |
---------------+----------------------+-----
Spellcasting   | 3 4 5 6 |  6.5
Fighting       | 1 2 3 4 |  4.0
Conjurations   | 4 5 |  5.3
Staves         | 1 2 3 |  3.3
Armour         | 1 |  1.7
Dodging        | |  1.5
Stealth        | |  1.5

Action                   |  1- 3 |  4- 6 |  7- 9 || total
-------------------------+-------+-------+-------++-------
Melee: Club              |    12 |       |       ||    12
       Short sword       |    37 |       |       ||    37
       Quarterstaff      |       |   100 |    30 ||   130
 Cast: Magic Dart        |    52 |    57 |    36 ||   145
       Searing Ray       |     3 |    16 |    20 ||    39
  Use: Scroll            |       |     7 |       ||     7
 Stab: Sleeping          |       |     2 |       ||     2
Armor: Robe              |    10 |    21 |    13 ||    44
Dodge: Dodged            |    25 |    78 |    50 ||   153

Table legend:
 A = Non-vault XP
 B = Vault XP
 C = Vault XP percentage of total XP
 D = Non-vault monster count
 E = Vault monster count
 F = Vault count percentage of total count
                 A         B        C        D         E       F
            +---------+---------+-------+---------+---------+-------
      Total |    1435 |     220 |  13.3 |      92 |      33 |  26.4
            +---------+---------+-------+---------+---------+-------
        D:1 |      29 |       3 |   9.4 |      15 |       2 |  11.8
        D:2 |      38 |       0 |   0.0 |      14 |       0 |   0.0
        D:3 |      93 |       5 |   5.1 |      14 |       3 |  17.6
        D:4 |     330 |       0 |   0.0 |      19 |       0 |   0.0
        D:5 |     331 |     165 |  33.3 |      13 |       1 |   7.1
        D:6 |     614 |       4 |   0.6 |      17 |       1 |   5.6
    Ossuary |       0 |      43 | 100.0 |       0 |      26 | 100.0
            +---------+---------+-------+---------+---------+-------
